 Dungeon Crawl Stone Soup version 0.30-a0-1112-gfb780f5df6 (webtiles) character file.

Game seed: 9641663440178832617

105 cheesebisquit the Digger (level 4, 0/24 HPs)
             Began as a Gargoyle Earth Elementalist on Apr 19, 2023.
             Slain by an orc
             ... wielding a +0 hand axe
              (3 damage)
             ... on level 3 of the Dungeon.
             The game lasted 00:04:52 (2130 turns).

cheesebisquit the Digger (GrEE)                     Turns: 2130, Time: 00:04:52

Health: 0/24       AC:  8    Str: 17    XL:     4   Next: 83%
Magic:  0/7        EV: 11    Int: 18    God:
Gold:   110        SH:  0    Dex: 10    Spells: 4/8 levels left

rFire   . . .      SeeInvis .    f - +0 dagger (venom)
rCold   + . .      Faith    .    (no shield)
rNeg    + . .      Spirit   .    n - +2 leather armour {rC+}
rPois   ∞          Reflect  .    (no helmet)
rElec   +          Rampage  .    (no cloak)
rCorr   .                        (no gloves)
Will    .....                    (no boots)
Stlth   ++                       (no amulet)
HPRegen 0.24/turn                m - +6 ring of strength
MPRegen 0.10/turn                (no ring)

@: attractive
A: sickness immunity, AC +3, negative energy resistance 1, electricity
resistance, torment resistance 1, petrification resistance
a: no special abilities


You were on level 3 of the Dungeon.
You visited 1 branch of the dungeon, and saw 3 of its levels.

You collected 110 gold pieces.

Inventory:

Hand Weapons
 f - a +0 dagger of venom (weapon)
Missiles
 d - 7 poisoned darts
Armour
 a - a +0 robe
 n - a +2 leather armour of cold resistance (worn)
Jewellery
 m - a +6 ring of strength (left hand)
Scrolls
 g - 4 scrolls of immolation {unknown}
 h - a scroll of brand weapon {unknown}
 j - 6 scrolls of teleportation {unknown}
 k - 4 scrolls of identify {unknown}
 o - a scroll of vulnerability {unknown}
Potions
 b - a potion of magic
 c - a potion of attraction
 e - a potion of lignification {unknown}
 i - 2 potions of might {unknown}
 l - a potion of curing {unknown}
 p - a potion of flight {unknown}


   Skills:
 - Level 1.5 Dodging
 - Level 2.1 Stealth
 - Level 2.5 Spellcasting
 - Level 0.7 Transmutations
 * Level 6.1 Earth Magic


You had 4 spell levels left.
You knew the following spells:

 Your Spells              Type           Power      Damage    Failure   Level
a - Sandblast             Erth           48%        2d12      1%          1
b - Stone Arrow           Conj/Erth      26%        3d8       19%         3

Your spell library contained the following spells:

 Spells                   Type           Power      Damage    Failure   Level
 Passwall                 Tmut/Erth      11%        N/A       8%          2
 Petrify                  Tmut/Erth      14%        N/A       45%         4


Dungeon Overview and Level Annotations

Branches:
Dungeon (3/15)

Altars:


Innate Abilities, Weirdness & Mutations

You are immune to sickness and miasma.
Your stone body is resilient. (AC +3)
You are immune to poison.
You resist negative energy. (rN+)
You are resistant to electric shocks. (rElec)
You are resistant to unholy torment.
You are immune to petrification.


Message History

The blast of sand hits the bat!
You kill the bat!
An adder comes into view.
You can't see any susceptible monsters within range! (Use Z to cast anyway.)
An orc priest comes into view. It is wielding a +0 short sword.
The orc priest shouts!
You see here a coppery potion.
p - a coppery potion An orc and an orc wizard come into view.
The orc wizard moves out of view.
You see here a hobgoblin corpse.
The blast of sand hits the orc priest!
The orc priest is heavily wounded.
The blast of sand hits the adder!
You kill the adder!
Your Earth Magic skill increases to level 6!
You can't see any susceptible monsters within range! (Use Z to cast anyway.)
The blast of sand hits the orc priest.
The orc priest is severely wounded.
The orc wizard shouts!
The orc priest hits you with a +0 short sword.
The orc closely misses you.
The blast of sand misses the orc priest.
The blast of sand hits the plant!!
The plant begins to die.
The plant is lightly damaged.
The orc priest mumbles some strange prayers to Beogh against you.
Pain shoots through your body!
The orc priest calls down the wrath of Beogh upon you.
Pain shoots through your body!
You barely miss the orc priest.
The orc priest is severely wounded.
The orc hits you but does no damage.
The orc priest calls down the wrath of Beogh upon you.
Beogh smites you!
Ouch! That really hurt!
* * * LOW HITPOINT WARNING * * *
It was a potion of attraction.
You feel attractive to monsters. The orc hits you with a +0 hand axe.
You die...

#...#.#
#...#.#
#...#.#
#######.##.#
#.......##.#
##.#........#
#...P.P...###
#.#P~~~P†..#
#..~~~~~♣@.#
..#~~.~~oo.#
##.P~~~.~P.#
#P~~o≈~...#
...~.~~.~.##
##..~~~~~.#
..~~♣~~~P#
.~.~..~.#


You could see an orc priest, an orc wizard and an orc.

Vanquished Creatures
  3 adders (D:3)
  A dart slug (D:2)
  10 orcs (D:3)
  7 bats
  11 endoplasms
  3 giant cockroaches (D:2)
  5 goblins
  3 hobgoblins
  3 jackals (D:2)
  3 kobolds
  2 quokkas
  2 frilled lizards
  6 rats
59 creatures vanquished.

Vanquished Creatures (others)
  2 plants (D:3)
2 creatures vanquished.

Grand Total: 61 creatures vanquished

Notes
Turn   | Place    | Note
-------+----------+-------------------------------------------
     0 | D:1      | cheesebisquit the Gargoyle Earth Elementalist began the
                  | quest for the Orb.
     0 | D:1      | Reached XP level 1. HP: 10/10 MP: 3/3
   115 | D:1      | Reached XP level 2. HP: 15/15 MP: 0/5
   188 | D:1      | Reached skill level 4 in Earth Magic
   713 | D:1      | Reached XP level 3. HP: 19/19 MP: 4/6
   839 | D:2      | Found a faded altar of an unknown god.
   905 | D:2      | Learned a level 3 spell: Stone Arrow
  1476 | D:2      | Reached skill level 5 in Earth Magic
  1730 | D:3      | Reached XP level 4. HP: 24/24 MP: 5/7
  2126 | D:3      | Reached skill level 6 in Earth Magic
  2130 | D:3      | Slain by an orc

Illustrated notes

Levels and vault maps discovered:
D:1:      ebering_hopf_link, layout_loops_ring
D:2:      layout_basic, hellmonk_ecumenical_altar_pennies_from_heaven
D:3:      layout_basic, regret_index_temple_of_mockery, serial_bayou,
          serial_bayou_shore_b, serial_bayou_shore_a, serial_bayou_lagoon_b,
          serial_bayou_pond_b

Skill      XL: |  1  2  3  4 |
---------------+-------------+-----
Earth Magic    | 4 5 6 |  6.1
Dodging        | |  1.5
Stealth        | |  2.1
Spellcasting   | |  2.5
Transmutations | |  0.7

Action                     |  1- 3 |  4- 6 || total
---------------------------+-------+-------++-------
  Melee: Dagger            |     5 |     2 ||     7
   Cast: Sandblast         |    53 |    23 ||    76
    Use: Potion            |       |     1 ||     1
 Armour: Robe              |     7 |       ||     7
         Leather armour    |       |     6 ||     6
  Dodge: Dodged            |     9 |     3 ||    12

Table legend: (Time is in decaauts)
 A = Elapsed time spent in this place.
 B = Non-inter-level travel time spent in this place.
 C = Inter-level travel time spent in this place.
 D = Time resting spent in this place.
 E = Time spent auto-exploring this place.
 F = Levels seen in this place.
 G = Mean time per level.
                   A        B        C        D        E       F      G
               +--------+--------+--------+--------+--------+-----+--------+
         Total |   2180 |   2138 |     42 |      0 |   1822 |   3 |  726.7 |
       Dungeon |   2180 |   2138 |     42 |      0 |   1822 |   3 |  726.7 |
               +--------+--------+--------+--------+--------+-----+--------+

Top non-repeatable levels by time:
     D:2: 863 daAuts
     D:1: 852 daAuts
     D:3: 464 daAuts
